Map: [ESL] Waterfall

Players

Hellraiser - Winner!

  • Race: Protoss Protoss
  • Spawn Location: 7:00

BattleB

  • Race: Terran Terran
  • Spawn Location: 1:00

Event: DreamHack SC2 Masters 2022 Atlanta (Online)

VOD

Have the link to the VOD?

Description

Time

  • Played on: Sept. 29, 2022, 2:15 p.m.
  • Length: 17:27

All games in this series

Show
View Real Time Build Order
Export as new Build Order

Hellraiser Protoss - Winner!

Build Orders: 1 Gate Expand, Colossus Rush 

Get SALT Encoding   

  12  0:00  Probe  
  13  0:12  Probe  
  14  0:19  Pylon  
  14  0:24  Probe  
  15  0:37  Probe (Chrono Boost)  
  15  0:38  Gateway  
  16  0:47  Assimilator  
  16  0:48  Probe (Chrono Boost)  
  17  0:52  Probe (Chrono Boost)  
  18  1:03  Probe  
  19  1:16  Probe  
  20  1:25  Cybernetics Core  
  20  1:35  Nexus  
  20  1:41  Pylon  
  20  1:45  Probe  
  21  1:50  Assimilator  
  21  1:57  Probe  
  21  1:59  Stalker (Chrono Boost)  
  22  2:05  Warp Gate  
  24  2:09  Probe  
  25  2:16  Shield Battery  
  25  2:21  Probe  
  25  2:22  Adept (Chrono Boost)  
  28  2:35  Robotics Facility  
  28  2:38  Probe  
  29  2:45  Adept  
  29  2:48  Probe  
  29  2:51  Probe  
  33  3:00  Probe  
  33  3:04  Forge  
  34  3:06  Probe  
  35  3:14  Probe  
  35  3:18  Probe  
  35  3:23  Observer (Chrono Boost)  
  35  3:26  Probe  
  37  3:28  Shield Battery  
  37  3:30  Probe  
  37  3:34  Pylon  
  38  3:38  Probe  
  39  3:41  Observer  
  39  3:42  Probe  
  39  3:45  Robotics Bay  
  41  3:50  Probe  
  41  3:54  Probe  
  41  3:55  Stalker  
  45  4:02  Probe  
  46  4:04  Assimilator, Pylon  
  46  4:05  Assimilator  
  46  4:07  Probe  
  46  4:11  Warp Prism (Chrono Boost)  
  46  4:22  Probe x2  
  46  4:24  Pylon  
  48  4:25  Stalker  
  50  4:34  Probe  
  50  4:35  Probe, Pylon  
  52  4:41  Twilight Council, Gateway  
  52  4:49  Colossus (Chrono Boost)  
  52  4:50  Gravitic Drive (Chrono Boost)  
  52  4:53  Probe  
  52  4:55  Probe  
  60  5:03  Pylon  
  60  5:05  Probe  
  60  5:06  Protoss Ground Weapons Level 1  
  61  5:08  Probe  
  62  5:19  Pylon  
  62  5:20  Charge  
  62  5:23  Gateway  
  62  5:24  Gateway  
  62  5:28  Colossus (Chrono Boost)  
  68  5:36  Stalker  
  68  5:41  Pylon  
  70  5:49  Gateway  
  70  5:50  Gateway  
  70  5:54  Extended Thermal Lance (Chrono Boost)  
  70  6:00  Observer  
  70  6:05  Observer  
  70  6:10  Colossus (Chrono Boost)  
  70  6:12  Pylon  
  70  6:15  Zealot, Sentry  
  70  6:17  Pylon  
  80  6:31  Zealot x2  
  78  6:48  Zealot x4, Pylon  
  78  6:52  Colossus (Chrono Boost)  
  92  6:56  Stalker  
  92  6:59  Photon Cannon  
  94  7:08  Stalker  
  94  7:09  Zealot x2  
  94  7:12  Zealot  
  98  7:30  Zealot  
  98  7:31  Zealot x4  
  98  7:33  Zealot  
  96  7:55  Zealot x6  
  108  8:01  Immortal (Chrono Boost)  
  99  8:23  Zealot x3  
  99  8:24  Zealot x3  
  99  8:26  Protoss Ground Armor Level 1 (Chrono Boost)  
  93  8:40  Nexus  
  84  8:46  Blink (Chrono Boost)  
  84  8:56  Warp Prism  
  84  8:58  Sentry x2  
  84  8:59  Sentry  
  92  9:03  Probe  
  92  9:05  Probe  
  94  9:15  Probe  
  91  9:18  Probe  
  91  9:20  Templar Archives  
  91  9:23  Shield Battery  
  92  9:27  Probe  
  92  9:30  Probe  
  94  9:32  Immortal (Chrono Boost)  
  98  9:52  Probe x3, Pylon  
  101  9:56  High Templar x4  
  109  10:00  Archon x2  
  109  10:03  Observer (Chrono Boost)  
  109  10:04  Probe  
  109  10:05  Probe  
  113  10:09  Gateway  
  113  10:14  Gateway  
  113  10:18  Zealot x2  
  116  10:21  Observer (Chrono Boost)  
  116  10:22  Protoss Ground Armor Level 2 (Chrono Boost)  
  117  10:29  High Templar  
  117  10:30  Zealot x2, High Templar  
  117  10:33  Archon  
  129  10:53  Pylon  
  129  10:57  Pylon  
  129  11:00  Pylon  
  129  11:01  Pylon  
  129  11:02  Immortal  
  129  11:13  Zealot x2  
  129  11:17  Zealot x2  
  136  11:19  Zealot x4  
  136  11:42  Observer (Chrono Boost)  
  136  11:45  Nexus, Zealot x8  
  147  11:57  Disruptor (Chrono Boost)  
  147  11:59  Probe x2, Pylon  
  148  12:11  Stalker x4  
  156  12:18  Pylon  
  156  12:21  Pylon  
  156  12:25  Shield Battery, Probe x2  
  156  12:26  Probe  
  159  12:33  High Templar x3  
  165  12:37  Archon, Probe  
  165  12:38  Zealot x3  
  165  12:40  High Templar  
  174  12:44  Archon  
  174  12:48  Immortal (Chrono Boost)  
  178  12:56  Protoss Ground Weapons Level 2 (Chrono Boost)  
  178  13:11  Warp Prism (Chrono Boost), Probe x3  
  181  13:12  Pylon  
  181  13:14  Probe  
  181  13:19  Assimilator  
  184  13:28  Stalker x6  
  184  13:33  Zealot  
  198  13:44  Observer (Chrono Boost)  
  198  13:45  Probe  
  198  13:46  Gateway  
  200  13:49  Gateway  
  200  13:51  Pylon  
  200  14:02  Disruptor (Chrono Boost)  
  196  14:09  Zealot x4  
  199  14:14  Probe  
  199  14:15  Shield Battery x2, Photon Cannon  
  200  14:18  Shield Battery  
  200  14:23  Nexus  
  200  14:24  Pylon  
  195  14:48  Nexus, Warp Prism (Chrono Boost)  
  191  14:54  Pylon  
  191  14:55  Dark Shrine  
  191  14:58  Nexus, Zealot x3  
  197  15:07  Pylon  
  183  15:26  Zealot x8  
  195  15:33  Zealot  
  181  15:47  Zealot x5  
  181  15:49  Probe x2  
  181  15:57  Observer (Chrono Boost)  
  181  16:00  Probe  
  181  16:01  Probe  
  184  16:10  Probe  
  185  16:12  Shield Battery  
  185  16:13  Shield Battery  
  185  16:15  Pylon  
  185  16:17  Probe  
  185  16:18  Probe  
  187  16:22  Disruptor (Chrono Boost), Probe x2  
  187  16:23  Probe  
  193  16:29  Probe  
  192  16:36  Zealot x4  
  191  17:04  Stalker x5  
  198  17:15  Nexus  
Show
View Real Time Build Order
Export as new Build Order

BattleB Terran 

Build Orders:  

Get SALT Encoding   

  12  0:00  SCV  
  13  0:12  SCV  
  14  0:16  Supply Depot  
  14  0:24  SCV  
  15  0:38  SCV  
  15  0:40  Barracks  
  16  0:43  Refinery  
  16  0:50  SCV  
  16  0:53  Refinery  
  17  1:03  SCV  
  18  1:16  SCV  
  19  1:27  Reaper  
  19  1:28  Orbital Command  
  19  1:31  Supply Depot  
  20  1:42  Factory  
  20  1:55  SCV  
  20  1:59  Barracks Reactor  
  21  2:07  SCV  
  22  2:22  SCV  
  23  2:23  Command Center  
  23  2:28  Hellion  
  25  2:34  SCV  
  25  2:35  Reaper x2  
  28  2:39  Supply Depot  
  28  2:47  SCV  
  29  2:55  Hellion  
  31  2:59  Starport  
  31  3:01  SCV  
  32  3:07  Reaper  
  32  3:08  Reaper  
  34  3:13  SCV  
  34  3:17  Hellion  
  37  3:25  SCV  
  38  3:35  Starport Tech Lab  
  38  3:37  SCV  
  38  3:40  Factory Tech Lab, Orbital Command  
  39  3:44  Marine  
  39  3:45  Marine  
  41  3:49  SCV  
  42  4:00  Raven  
  42  4:01  SCV  
  45  4:04  Marine x2  
  45  4:06  Orbital Command  
  47  4:16  SCV  
  47  4:19  Siege Tank  
  47  4:20  Barracks  
  47  4:22  Barracks  
  50  4:25  Supply Depot  
  50  4:27  Marine  
  50  4:28  SCV  
  52  4:33  SCV  
  52  4:35  Marine  
  54  4:40  Engineering Bay  
  54  4:41  Refinery  
  54  4:47  SCV x2  
  57  4:53  Viking  
  57  4:56  Siege Tank  
  62  5:04  Supply Depot, SCV  
  62  5:06  Supply Depot  
  62  5:09  SCV  
  62  5:13  Missile Turret, Terran Infantry Weapons Level 1  
  63  5:15  Marine x2  
  63  5:18  SCV  
  66  5:21  SCV  
  66  5:27  Stimpack  
  67  5:29  Marine  
  67  5:30  SCV  
  67  5:32  Combat Shield  
  70  5:35  SCV  
  70  5:39  Marine x2  
  70  5:40  Starport Reactor  
  72  5:45  Supply Depot, SCV  
  72  5:46  Factory Reactor  
  74  5:50  SCV  
  74  5:54  Marauder x2  
  78  5:59  Bunker  
  78  6:03  SCV  
  78  6:04  Supply Depot  
  78  6:05  Marine  
  78  6:08  SCV  
  78  6:10  Marine  
  78  6:15  SCV  
  79  6:18  Refinery, Medivac  
  79  6:20  Medivac  
  79  6:25  Marauder, Marine x2  
  85  6:28  SCV  
  85  6:30  SCV  
  89  6:33  Supply Depot  
  89  6:34  Marine  
  89  6:38  Widow Mine  
  91  6:40  Widow Mine  
  91  6:45  Supply Depot, Marine  
  95  6:50  Marauder x2  
  95  6:53  Medivac  
  95  6:54  Marine  
  100  6:58  Medivac  
  102  7:11  Terran Infantry Armor Level 1  
  102  7:18  Command Center, Marauder x2, Marine x2  
  105  7:24  Widow Mine x2  
  108  7:36  Marine x2  
  103  7:37  SCV x2  
  103  7:39  Marine  
  103  7:40  Marine  
  99  7:49  SCV  
  99  7:50  SCV  
  98  7:54  Marine  
  98  7:58  Marine  
  99  8:00  Viking x2  
  95  8:10  Marine x2  
  95  8:12  SCV x2  
  88  8:13  Marine  
  85  8:22  Marine  
  85  8:26  SCV  
  79  8:28  Marine  
  73  8:36  Marine x2  
  56  8:46  SCV x2  
  58  8:58  SCV  
  58  8:59  SCV  
  58  9:00  Siege Tank  
  58  9:01  Viking  
  65  9:09  Viking  
  67  9:15  Orbital Command  
  66  9:19  SCV  
  67  9:26  Marine  
  67  9:27  Marine x2  
  67  9:29  Marine  
  71  9:33  SCV  
  71  9:34  SCV  
  71  9:38  Marine  
  74  9:46  SCV x2  
  74  9:47  SCV  
  77  9:54  Siege Tank  
  77  9:58  SCV x2  
  82  10:01  SCV  
  83  10:11  Marauder  
  85  10:14  SCV  
  85  10:15  SCV, Barracks x2  
  85  10:18  SCV  
  85  10:19  Marine  
  89  10:22  Marine x2  
  89  10:24  Marine  
  89  10:27  SCV x2  
  94  10:33  Siege Tank  
  97  10:36  SCV  
  97  10:38  Marine  
  97  10:39  SCV  
  100  10:42  Marine  
  100  10:43  Marauder  
  100  10:44  SCV  
  100  10:46  Orbital Command, Marine  
  104  10:51  Marine  
  104  10:54  Viking  
  104  10:56  SCV  
  104  10:57  SCV  
  109  11:02  Viking  
  111  11:04  Barracks Reactor  
  111  11:08  Barracks Tech Lab  
  111  11:11  Marine x3  
  113  11:13  SCV  
  113  11:15  Marine  
  113  11:16  SCV  
  117  11:22  Marauder  
  117  11:24  SCV  
  117  11:25  SCV  
  121  11:29  Marine  
  121  11:30  Marine  
  121  11:31  Marine  
  121  11:32  Marauder  
  125  11:35  Marine  
  125  11:40  Marine  
  125  11:43  Marauder  
  125  11:45  Siege Tank  
  127  11:47  Medivac  
  127  11:50  Marine  
  127  11:51  Marine  
  127  11:53  Marauder, Marine x2  
  132  11:56  SCV  
  132  12:01  Supply Depot  
  133  12:02  Supply Depot  
  133  12:05  Ghost Academy  
  133  12:22  SCV x3, Medivac, Siege Tank  
  141  12:25  Supply Depot, Bunker  
  141  12:33  Marine x2  
  141  12:34  SCV x3  
  141  12:35  Enhanced Shockwaves  
  146  12:40  Refinery  
  146  12:43  Sensor Tower  
  146  12:51  Engineering Bay, Armory  
  146  12:54  Ghost  
  146  12:57  SCV  
  149  13:05  Refinery  
  151  13:08  Ghost  
  151  13:12  Barracks Tech Lab  
  154  13:19  Command Center  
  151  13:24  Supply Depot  
  151  13:25  Ghost  
  153  13:28  Siege Tank  
  156  13:41  Viking x2  
  156  13:42  Supply Depot  
  156  13:45  Supply Depot  
  156  13:46  Terran Ship Weapons Level 1  
  160  13:51  Terran Infantry Weapons Level 2  
  160  13:58  Terran Infantry Armor Level 2  
  160  14:06  Marine x4  
  164  14:11  Marauder  
  164  14:12  Marauder, Marine  
  169  14:18  Medivac  
  169  14:24  Marine  
  172  14:25  Medivac  
  172  14:28  Marine x2  
  172  14:30  Marauder  
  178  14:32  Marine  
  178  14:36  Marine  
  180  14:40  Marine  
  180  14:44  Marine  
  152  14:46  Marine  
  152  14:50  Viking  
  152  14:52  Marauder  
  151  14:55  SCV x2  
  151  14:56  SCV  
  154  15:00  Marine x2  
  154  15:01  Marauder, Marine  
  154  15:06  Marine  
  160  15:13  Marauder  
  162  15:19  Marauder  
  156  15:22  Ghost  
  156  15:24  Sensor Tower  
  156  15:26  Marine  
  156  15:28  Marine  
  156  15:33  Ghost  
  156  15:34  Marine  
  156  15:35  Marine  
  159  15:37  Refinery  
  155  15:46  Marine x2  
  155  15:48  Marine  
  144  15:52  Medivac  
  144  15:55  Marine x2  
  144  15:56  Marauder  
  147  16:02  Marine  
  147  16:04  Marine x2  
  141  16:08  Marine  
  143  16:13  Marine x2  
  143  16:17  Marauder  
  146  16:26  Marine  
  146  16:30  Marine  
  146  16:31  Marauder  
  146  16:32  Marauder, Marine  
  152  16:33  Marine  
  152  16:37  Liberator  
  156  16:40  Marine  
  156  16:44  Marine  
  158  16:50  Marine  
  158  16:52  Marauder  
  154  16:54  Marine  
  154  17:01  Marauder, Marine  
  142  17:02  Marine  
  142  17:07  Marine  
Tags
 
Add a new tag
Caveats
  • Supply blocks, unpowered buildings, or Contaminate may cause inaccurate times.
  • Supply counts are checked every 10 seconds.